 Dungeon Crawl Stone Soup version 0.29-a0-296-gda187f2e07 (webtiles) character file.

Game seed: 417436084699355419

1042 Crownlay the Digger (level 8, -4/41 HPs)
             Began as a Gargoyle Earth Elementalist on Mar 19, 2022.
             Shot with an arrow by an orc warrior (5 damage)
             ... in a bailey.
             The game lasted 00:14:12 (6268 turns).

Crownlay the Digger (Gargoyle Earth Elementalist)   Turns: 6268, Time: 00:14:13

Health: -4/41      AC:  8    Str: 12    XL:     8   Next: 25%
Magic:  18/18      EV: 11    Int: 18    God:
Gold:   176        SH:  0    Dex: 10    Spells: 15/21 levels left

rFire   . . .      SeeInvis .   f - +0 dagger
rCold   . . .      Faith    .   (no shield)
rNeg    + . .      Spirit   .   b - +0 robe
rPois   ∞          Reflect  .   (no helmet)
rElec   +          Harm     .   k - +0 cloak
rCorr   .          Rampage  .   (no gloves)
Will    .....                   (no boots)
Stlth   ++........              (no amulet)
HPRegen 0.13/turn               (no ring)
MPRegen 0.16/turn               (no ring)

@: no status effects
A: sickness immunity, AC +5, negative energy resistance 1, electricity
resistance, torment resistance 1, petrification resistance
a: no special abilities


You were in a bailey.
You visited 1 branch of the dungeon, and saw 6 of its levels.
You also visited: Bailey.

You collected 176 gold pieces.

Inventory:

Hand Weapons
 f - a +0 dagger (weapon)
Missiles
 a - 2 stones
Armour
 b - a +0 robe (worn)
 k - a +0 cloak (worn)
 o - a +0 buckler
Scrolls
 d - 2 scrolls of amnesia {unknown}
 h - a scroll of fear {unknown}
 i - 2 scrolls of torment {unknown}
 j - a scroll of enchant armour {unknown}
 l - 2 scrolls of immolation {unknown}
 m - a scroll of brand weapon {unknown}
 p - a scroll of vulnerability {unknown}
 q - a scroll of magic mapping {unknown}
 r - 2 scrolls of teleportation {unknown}
 v - 3 scrolls of identify {unknown}
Potions
 c - a potion of magic
 e - 2 potions of brilliance {unknown}
 g - 2 potions of lignification {unknown}
 n - 3 potions of attraction {unknown}
 s - 3 potions of degeneration {unknown}
 t - a potion of flight {unknown}
 u - a potion of invisibility {unknown}
 w - a potion of curing {unknown}


   Skills:
 - Level 1.5 Dodging
 - Level 2.1 Stealth
 * Level 7.3 Spellcasting
 - Level 0.7 Transmutations
 + Level 7.4 Earth Magic


You had 15 spell levels left.
You knew the following spells:

 Your Spells              Type           Power      Damage    Failure   Level
a - Sandblast             Erth           66%        2d15      1%          1
b - Passwall              Tmut/Erth      17%        N/A       3%          2
c - Stone Arrow           Conj/Erth      38%        3d9       7%          3

Your spell library contained the following spells:

 Spells                   Type           Power      Damage    Failure   Level
 Petrify                  Tmut/Erth      21%        N/A       21%         4


Dungeon Overview and Level Annotations

Branches:
Dungeon (8/15)             Bailey (1/1)
 Temple: D:4-7         Lair: D:8-11

Altars:
Cheibriados
Gozag
Nemelex Xobeh
Trog
Wu Jian
Xom


Innate Abilities, Weirdness & Mutations

You are immune to sickness and miasma.
Your stone body is resilient. (AC +5)
You are immune to poison.
You resist negative energy. (rN+)
You are resistant to electric shocks. (rElec)
You are resistant to unholy torment.
You are immune to petrification.


Message History

Aim: a kobold, quivering boomerangs (45% to hit)
You throw a boomerang.
The boomerang hits the kobold but does no damage.
Throw: boomerang
Press: ? - help, Q - select action, (/) - cycle Shift-Dir - straight line, f/p - kobold
Aim: a kobold, quivering boomerangs (45% to hit)
You throw a boomerang.
The boomerang hits the kobold but does no damage.
Throw: boomerang
Press: ? - help, Q - select action, (/) - cycle Shift-Dir - straight line, f - you Really target yourself?
Okay, then.
You enter the shallow water.
Moving in this stuff is going to be slow.
Items here: ))) [[[ ††.
You throw a boomerang.
The boomerang closely misses the kobold.
The kobold shouts!
You hear a shout!
The kobold throws a boomerang.
The boomerang hits you but does no damage.
You throw a boomerang. The boomerang hits the kobold.
You kill the kobold!
There is a fountain of clear blue water here.
A hobgoblin comes into view. It is wielding a +0 hand axe.
You throw a stone. The stone hits the hobgoblin.
The hobgoblin is moderately wounded.
You throw a stone. The stone barely misses the hobgoblin.
The stone arrow hits the hobgoblin!
You kill the hobgoblin!
Things that are here:
a +0 hand axe; a +0 leather armour
Okay, then.
Unknown command.
Okay, then.
The orc warrior shoots an arrow.
The arrow hits you!
The orc warrior shoots an arrow.
The arrow barely misses you.
You see here 2 stones.
The orc warrior shoots an arrow.
The arrow hits you!
* * * LOW HITPOINT WARNING * * *
You die...

#.#############
..............####
#((@.)......##
##'#.........##
#..#....⌠.....#
#..###.......## +. ####..'
#.....### # #. ...
....###......#### K.#.
####'####.o#.....≈≈≈≈≈≈≈
≈≈####...g...####.≈≈)≈≈≈≈≈≈≈#
≈≈≈≈∩#..g[gg.#∩≈≈≈≈≈≈≈....###


You could see an orc warrior.

Vanquished Creatures
  2 ogres
  2 phantoms
  A necrophage (D:4)
  2 scorpions
  3 hounds (D:5)
  2 jellies (D:4)
  An orc priest (D:5)
  Jessica (D:2)
  3 iguanas
  A mummy (D:4)
  7 gnolls
  6 adders
  A shadow imp (D:5)
  An ufetubus (D:3)
  3 worms
  3 dart slugs (D:2)
  11 orcs
  5 ball pythons
  4 bats
  8 endoplasms
  3 giant cockroaches
  6 hobgoblins
  4 jackals (D:4)
  5 quokkas
  6 frilled lizards
  5 goblins
  7 kobolds
  9 rats
112 creatures vanquished.

Notes
Turn   | Place    | Note
-------+----------+-------------------------------------------
     0 | D:1      | Crownlay the Gargoyle Earth Elementalist began the quest
                  | for the Orb.
     0 | D:1      | Reached XP level 1. HP: 10/10 MP: 3/3
   715 | D:1      | Reached XP level 2. HP: 6/15 MP: 3/5
  1718 | D:2      | Reached XP level 3. HP: 16/19 MP: 3/7
  2158 | D:2      | Found a shimmering altar of Xom.
  2172 | D:2      | Reached XP level 4. HP: 15/24 MP: 9/9
  2286 | D:2      | Noticed Jessica
  2291 | D:2      | Killed Jessica
  2941 | D:3      | Reached XP level 5. HP: 25/28 MP: 10/10
  3362 | D:3      | Found an opulent altar of Gozag.
  3482 | D:3      | Found a shimmering altar of Xom.
  3508 | D:3      | Reached skill level 5 in Earth Magic
  3542 | D:3      | Found a sparkling altar of Nemelex Xobeh.
  3662 | D:3      | Found a bloodstained altar of Trog.
  3667 | D:3      | Found an ornate altar of the Wu Jian Council.
  3805 | D:3      | Learned a level 2 spell: Passwall
  3809 | D:3      | Learned a level 3 spell: Stone Arrow
  4387 | D:4      | Reached XP level 6. HP: 22/32 MP: 5/13
  4561 | D:4      | Reached skill level 5 in Spellcasting
  4967 | D:4      | Reached XP level 7. HP: 36/36 MP: 2/15
  5336 | D:4      | Found a snail-covered altar of Cheibriados.
  5436 | D:5      | Entered Level 5 of the Dungeon
  5724 | D:5      | Reached XP level 8. HP: 41/41 MP: 8/18
  5993 | D:5      | You fall into a shaft and drop 3 floors!
  5994 | D:8      | Found a flagged portal.
  6003 | Bailey   | Entered a bailey
  6268 | Bailey   | HP: 1/41 [orc warrior/arrow (17)]
  6268 | Bailey   | Shot with an arrow by an orc warrior

Illustrated notes

Levels and vault maps discovered:
D:1:      ncdulo_halloftheorcs, layout_loops_cross,
          hangedman_abyss_or_decor_stabs
D:2:      layout_rooms, basic_altar, kennysheep_generic_room_5, uniq_jessica
D:3:      layout_rooms, general_overflow_altar, mainiacjoe_overflow_big_doors,
          nicolae_gozag_cash_rules_everything_around_me,
          nemelex_diamond_rough_becter
D:4:      layout_basic, slow_altar_2
D:5:      layout_cave_pools, serial_park, serial_park_paths
          [serial_park_minivault_5x5_4], serial_park_gazebo
          [serial_park_minivault_5x5_1], serial_park_avenue1,
          serial_park_tiny_pond, serial_shops, shop_statue,
          uniq_crazy_yiuf_cottage
D:8:      layout_rooms, kennysheep_mini, nicolae_uskayaw_dance_hall,
          enter_bailey_2, kennysheep_cluttered_room, uniq_erica, uniq_maurice,
          uniq_amaemon
Bailey:   bailey_axe_4, bailey

Skill      XL: |  1  2  3  4  5  6  7  8 |
---------------+-------------------------+-----
Earth Magic    | 4 5 6 7 |  7.4
Spellcasting   | 3 4 5 6 7 |  7.3
Dodging        | |  1.5
Stealth        | |  2.1
Transmutations | |  0.7

Action                   |  1- 3 |  4- 6 |  7- 9 || total
-------------------------+-------+-------+-------++-------
Melee: Dagger            |   119 |   153 |       ||   272
       Punch             |       |     2 |       ||     2
Throw: Boomerang         |       |       |     5 ||     5
       Stone             |       |       |     2 ||     2
 Cast: Sandblast         |    15 |    48 |    16 ||    79
       Stone Arrow       |       |     3 |    28 ||    31
 Stab: Sleeping          |     3 |     2 |       ||     5
Armor: Robe              |    58 |    82 |     3 ||   143
Dodge: Dodged            |    71 |   121 |     5 ||   197

Table legend: (Time is in decaauts)
 A = Elapsed time spent in this place.
 B = Non-inter-level travel time spent in this place.
 C = Inter-level travel time spent in this place.
 D = Time resting spent in this place.
 E = Time spent auto-exploring this place.
 F = Levels seen in this place.
 G = Mean time per level.
                   A        B        C        D        E       F      G
               +--------+--------+--------+--------+--------+-----+--------+
         Total |   6272 |   6216 |     56 |     34 |   5318 |   7 |  896.0 |
       Dungeon |   6001 |   5945 |     56 |      0 |   5188 |   6 | 1000.2 |
        Bailey |    270 |    270 |      0 |     34 |    130 |   1 |  270.0 |
               +--------+--------+--------+--------+--------+-----+--------+

Top non-repeatable levels by time:
     D:1: 1553 daAuts
     D:4: 1451 daAuts
     D:2: 1281 daAuts
     D:3: 1147 daAuts
     D:5: 556 daAuts
  Bailey: 270 daAuts
     D:8: 9 daAuts
